 Dungeon Crawl Stone Soup version 0.18-a0-640-g2c992fa (webtiles) character file.

44 nono the Grave Robber (level 3, -1/19 HPs)
             Began as a Deep Elf Necromancer on Dec 4, 2015.
             Slain by an adder (3 damage)
             ... on level 2 of the Dungeon.
             The game lasted 00:04:23 (1515 turns).

nono the Grave Robber (Deep Elf Necromancer)        Turns: 1515, Time: 00:04:23

Health: -1/19      AC:  2    Str:  5    XL:     3   Next: 39%
Magic:  9/10       EV: 13    Int: 20    God:
Gold:   57         SH:  0    Dex: 15    Spells: 1 memorised, 8 levels left

rFire  . . .     SeeInvis .     q - +0 short sword
rCold  . . .     Clarity  .     a - +0 robe
rNeg   . . .     SustAt   .     (no shield)
rPois  .         Gourm    .     (no helmet)
rElec  .         Spirit   .     (no cloak)
rCorr  .         Dismiss  .     (no gloves)
rMut   .         Stasis   .     (no boots)
MR     .....                    (no amulet)
Stlth  ++........               (no ring)
                                (no ring)

@: about to teleport, not resistant to hostile enchantments, unstealthy
A: no striking features
a: no special abilities


You were on level 2 of the Dungeon.
You were near starving.

You visited 1 branch of the dungeon, and saw 2 of its levels.

You collected 57 gold pieces.

Inventory:

Hand Weapons
 d - a +0 dagger
 q - a +0 short sword (weapon)
Missiles
 n - a javelin of penetration (quivered)
Armour
 a - a +0 robe (worn)
Scrolls
 i - 3 scrolls of random uselessness {unknown}
 j - a scroll of immolation {unknown}
 o - a scroll of fear {unknown}
Potions
 k - a potion of flight {unknown}
 p - a potion of cancellation {unknown}
Books
 b - a book of Necromancy

   Spells                             Type                      Level
   a - Pain                           Necromancy                   1
   b - Animate Skeleton               Necromancy                   1
   c - Vampiric Draining              Necromancy                   3
   d - Regeneration                   Charms/Necromancy            3
   e - Animate Dead                   Necromancy                   4
   f - Control Undead                 Necromancy                   4
Comestibles
 c - 2 bread rations
 f - a slice of pizza
 g - 5 fruits
 h - a chunk of flesh
 l - a beef jerky
 m - a meat ration


   Skills:
 + Level 0.2 Short Blades
 - Level 2.4 Dodging
 - Level 2.4 Stealth
 + Level 3.5 Spellcasting
 * Level 5.9 Necromancy


You had 8 spell levels left.
You knew the following spells:

 Your Spells              Type           Power        Failure   Level  Hunger
a - Pain                  Necr           ####         1%          1    None


Dungeon Overview and Level Annotations

Branches:
Dungeon (2/15)

Altars:

Annotations:
D:2 Sigmund


Message History

The javelin of penetration closely misses Sigmund.
Sigmund hits you but does no damage.
Throwing (i - inventory):
n - 2 javelins of penetration (quivered)
Press: ? - help, Shift-Dir - straight line, f/p - Sigmund
Aim: Sigmund, wielding a scythe and wearing a robe (lightly wounded)
You throw a javelin of penetration.
The javelin of penetration closely misses Sigmund.
Casting: Pain
Confirm with . or Enter, or press ? or * to list all spells.
Aiming: Pain
Press: ? - help, Shift-Dir - straight line, f/p - Sigmund
Aim: Sigmund, wielding a scythe and wearing a robe (lightly wounded, chance to defeat MR: 89%) Sigmund barely resists.
Sigmund hits you from afar with a scythe!
Ouch! That really hurt!
* * * LOW HITPOINT WARNING * * *
Read which item? (? for menu, Esc to quit)
As you read the scroll of teleportation, it crumbles to dust.
You feel strangely unstable. The adder bites you.
You die...

## ...####..##..#.....
.... ###......# ##....#.#
.##..#....##### ###.....#
....!....÷.....###.......#
......#...####........##.#
....#...##†(.(....)..###..
..#..(.###@######...###...
< ###(.>...# ##...>..##
...[.#..@S######.........
.#...####..........######
..#. .....##..###
#..#..... ##..###.# ... ..
...... ......


You could see Sigmund and an adder.

Vanquished Creatures
  2 adders (D:2)
  An ooze (D:2)
  A giant cockroach (D:1)
  2 goblins (D:1)
  A hobgoblin (D:1)
  4 jackals (D:2)
  2 bats (D:1)
  A giant gecko (D:1)
  3 giant newts
  3 kobolds
  5 rats (D:1)
25 creatures vanquished.

Notes
Turn   | Place    | Note
--------------------------------------------------------------
     0 | D:1      | nono the Deep Elf Necromancer began the quest for the Orb.
     0 | D:1      | Reached XP level 1. HP: 10/10 MP: 6/6
   213 | D:1      | Reached skill level 5 in Necromancy
   472 | D:1      | Reached XP level 2. HP: 10/15 MP: 5/8
  1105 | D:2      | Reached XP level 3. HP: 11/19 MP: 3/9
  1495 | D:2      | Noticed Sigmund
  1515 | D:2      | Slain by an adder

Vault maps used:
D:1:      saegor_arrival_simple_d
D:2:      nicolae_overflow_crystal_walls, first_bread, uniq_sigmund

Action                   || total
-------------------------++-------
Melee: Short sword       ||     4
Throw: Javelin           ||     5
 Cast: Pain              ||    39
  Use: Scroll            ||     4
